 Dungeon Crawl Stone Soup version 0.27.1-3-gb3d3a73c9e (webtiles) character file.

Game seed: 9418592677713296418

29 Urokeeper the Sneak (level 3, -1/18 HPs)
             Began as a Spriggan Brigand on Oct 6, 2021.
             Slain by a worm (7 damage)
             ... on level 2 of the Dungeon.
             The game lasted 00:04:38 (1898 turns).

Urokeeper the Sneak (Spriggan Brigand)              Turns: 1898, Time: 00:04:39

Health: -1/18      AC:  7    Str:  7    XL:     3   Next: 1%
Magic:  4/4        EV: 16    Int: 12    God:
Gold:   44         SH:  0    Dex: 17    Spells: 2/2 levels left

rFire    . . .     SeeInvis +   a - +2 dagger
rCold    . . .     Faith    .   (shield restricted)
rNeg     . . .     Spirit   .   i - +2 robe {Will+}
rPois    .         Reflect  .   j - +2 hat
rElec    .         Harm     .   c - +0 cloak
rCorr    .         Rampage  .   (gloves unavailable)
Will     +....                  (boots unavailable)
Stlth    ++++......             (no amulet)
HPRegen  0.06/turn              (no ring)
MPRegen  0.09/turn              (no ring)

@: very quick
A: very small, no large weapons, unfitting armour, see invisible, speed 3
a: no special abilities


You were on level 2 of the Dungeon.
You visited 1 branch of the dungeon, and saw 2 of its levels.

You collected 44 gold pieces.

Inventory:

Hand Weapons
 a - a +2 dagger (weapon)
Missiles
 d - 4 poisoned darts (quivered)
 e - 2 curare-tipped darts
Armour
 c - a +0 cloak (worn)
 i - a +2 robe of willpower (worn)
 j - a +2 hat (worn)
Scrolls
 b - 3 scrolls of immolation {unknown}
 f - a scroll of enchant armour {unknown}
 g - a scroll of magic mapping {unknown}
 h - a scroll of enchant weapon {unknown}
 k - 2 scrolls of identify {unknown}


   Skills:
 - Level 1.5 Fighting
 + Level 3.1 Short Blades
 - Level 2.0 Throwing
 - Level 1.3 Dodging
 + Level 6.7 Stealth


You had 2 spell levels left.
You didn't know any spells.
Your spell library contained the following spells:

 Spells                   Type           Power      Damage    Failure   Level
 Beastly Appendage        Tmut           0%         N/A       32%         1
 Wereblood                Tmut           0%         N/A       45%         2
 Spider Form              Tmut/Pois      0%         N/A       69%         3


Dungeon Overview and Level Annotations

Branches:
Dungeon (2/15)

Altars:


Innate Abilities, Weirdness & Mutations

You are very small and have problems with some larger weapons.
You are too small for most types of armour.
You have supernaturally acute eyesight. (SInv)
You cover ground extremely quickly. (Speed+++)


Message History

A bat and a rat come into view.
The bat closely misses you.
You see here a scroll labelled LOKLUSTR GUABBA.
You hit the bat.
The bat is severely wounded.
The bat misses you.
You hit the bat.
You kill the bat!
You have reached level 3!
Your experience leads to an increase in your attributes!
Increase (S)trength, (I)ntelligence, or (D)exterity?
You feel agile.
k - 2 scrolls labelled LOKLUSTR GUABBA (gained 1)
You start resting.
A worm is nearby!
You barely miss the worm. You hit the worm.
The worm is moderately wounded.
The worm misses you.
You hit the worm.
The worm is moderately wounded.
You barely miss the worm.
The worm is moderately wounded.
The worm barely misses you.
You hit the worm.
The worm is moderately wounded.
You hit the worm but do no damage.
The worm is moderately wounded.
The worm closely misses you.
You hit the worm.
The worm is heavily wounded.
You hit the worm.
The worm is severely wounded.
The worm bites you!
You hit the worm.
The worm is severely wounded.
You hit the worm.
The worm is almost dead.
The worm bites you!
You die...

### ### #.. ..# #.# #.# #.#
#.# #.# #.# #.# #.#
#รท#########.###############
w.......w......w@.........#
#.##########............#.#
#.......#
#..####++####........
.######.##..## ##....... )#
...# ##......# .# ..##
##...... #### ..# #..###
...#. #r #.# ..... .#


You could see a worm.

Vanquished Creatures
  A worm (D:2)
  5 ball pythons
  3 goblins
  2 hobgoblins (D:1)
  4 quokkas
  3 bats
  2 frilled lizards (D:1)
  2 kobolds
  3 rats
25 creatures vanquished.

Notes
Turn   | Place    | Note
-------+----------+-------------------------------------------
     0 | D:1      | Urokeeper the Spriggan Brigand began the quest for the Orb.
     0 | D:1      | Reached XP level 1. HP: 10/10 MP: 2/2
    34 | D:1      | Reached skill level 6 in Stealth
   294 | D:1      | Reached XP level 2. HP: 14/14 MP: 3/3
   464 | D:1      | Found a faded altar of an unknown god.
  1864 | D:2      | Reached XP level 3. HP: 12/18 MP: 4/4
  1898 | D:2      | Slain by a worm

Illustrated notes

Levels and vault maps discovered:
D:1:      saegor_arrival_simple_a, layout_basic,
          hellmonk_ecumenical_altar_heavens_door
D:2:      kennysheep_big_flooded_room, layout_basic, minmay_split_cup_large,
          uniq_robin

Skill      XL: |  1  2 |
---------------+-------+-----
Stealth        | 6 |  6.7
Short Blades   | 3 |  3.1
Fighting       | |  1.5
Throwing       | |  2.0
Dodging        | |  1.3

Action                   || total
-------------------------++-------
Melee: Dagger            ||   127
Throw: Dart              ||    10
 Stab: Sleeping          ||     4
Armor: Robe              ||    19
Dodge: Dodged            ||    67
